 Dungeon Crawl Stone Soup version 0.29-a0-1-gf2d273c862 (webtiles) character file.

Game seed: 17937859476625533268

43 GordonOverkill the Shooter (level 3, 0/21 HPs)
             Began as a Deep Elf Hunter on Jan 26, 2022.
             Constricted to death by a ball python (1 damage)
             ... on level 3 of the Dungeon.
             The game lasted 00:03:52 (2234 turns).

GordonOverkill the Shooter (Deep Elf Hunter)        Turns: 2234, Time: 00:03:52

Health: 0/21       AC:  6    Str: 11    XL:     3   Next: 37%
Magic:  5/5        EV:  8    Int: 15    God:
Gold:   89         SH:  0    Dex: 15    Spells: 2/2 levels left

rFire   . . .      SeeInvis .   a - +1 shortbow
rCold   . . .      Faith    .   (shield currently unavailable)
rNeg    . . .      Spirit   .   h - +0 ring mail
rPois   .          Reflect  .   (no helmet)
rElec   .          Harm     .   e - +0 cloak
rCorr   .          Rampage  .   (no gloves)
Will    .....                   (no boots)
Stlth   +.........              (no amulet)
HPRegen 0.07/turn               (no ring)
MPRegen 0.09/turn               (no ring)

@: constricted
A: no striking features
a: no special abilities


You were on level 3 of the Dungeon.
You visited 1 branch of the dungeon, and saw 3 of its levels.

You collected 89 gold pieces.

Inventory:

Hand Weapons
 a - a +1 shortbow (weapon)
 b - a +0 short sword
Missiles
 d - 61 arrows (quivered ammo)
Armour
 e - a +0 cloak (worn)
 h - a +0 ring mail (worn)
Scrolls
 f - a scroll of enchant weapon {unknown}
 j - a scroll of blinking {unknown}
Potions
 c - a potion of haste {unknown}
 g - a potion of curing {unknown}
 i - a potion of heal wounds {unknown}


   Skills:
 + Level 2.1 Fighting
 + Level 0.0 Short Blades
 * Level 6.5 Bows
 - Level 2.4 Dodging
 - Level 1.2 Stealth


You had 2 spell levels left.
You didn't know any spells.
Your spell library was empty.

Dungeon Overview and Level Annotations

Branches:
Dungeon (3/15)

Altars:


Message History

The arrow completely misses the endoplasm.
The endoplasm freezes you.
You are frozen.
* * * LOW HITPOINT WARNING * * *
Fire: 66 arrows
Press: ? - help, Q - select action Shift-Dir - straight line, f/p - endoplasm
Aim: an endoplasm (moderately wounded, 87% to hit)
You shoot an arrow. The arrow hits the endoplasm!
You kill the endoplasm!
Fire: 65 arrows
Press: ? - help, Q - select action Shift-Dir - straight line, f - ball python
Aim: a ball python (61% to hit)
You shoot an arrow. The arrow hits the ball python.
The ball python is severely wounded.
The ball python bites you but does no damage.
The ball python barely misses you. The ball python bites you.
* * * LOW HITPOINT WARNING * * *
The ball python grabs you. The ball python constricts you.
Fire: 64 arrows
Press: ? - help, Q - select action Shift-Dir - straight line, f/p - ball python
Aim: a ball python (severely wounded, constricting you, 61% to hit)
You shoot an arrow.
The arrow closely misses the ball python.
The ball python closely misses you. The ball python constricts you.
* * * LOW HITPOINT WARNING * * *
Fire: 63 arrows
Press: ? - help, Q - select action Shift-Dir - straight line, f/p - ball python
Aim: a ball python (severely wounded, constricting you, 61% to hit)
You shoot an arrow.
The arrow barely misses the ball python.
The ball python closely misses you. The ball python constricts you.
Fire: 62 arrows
Press: ? - help, Q - select action Shift-Dir - straight line, f/p - ball python
Aim: a ball python (severely wounded, constricting you, 61% to hit)
You shoot an arrow.
The arrow closely misses the ball python.
The ball python bites you.
* * * LOW HITPOINT WARNING * * *
The ball python constricts you.
You die...

#### ### #.. ..######## ##.##
#.........
#########...######.....$..#
.....................<# .#
#####.###....##.##.######.##..##
# #<..........@S.............. #
########..####.####.#...[.## .
#..# #.....>.#S.?#.# . #..#
#..S.......... ## #..#
#.......#..#.... #..#
#.........###.#. #..#
#.........# #.. #..# #.......#.#
#. #..# #....<..>.#


You could see a ball python.

Vanquished Creatures
  A worm (D:2)
  7 endoplasms
  3 giant cockroaches
  2 goblins (D:1)
  2 hobgoblins
  5 kobolds
  A quokka (D:1)
  7 ball pythons
  2 bats
  3 frilled lizards
  2 rats
35 creatures vanquished.

Notes
Turn   | Place    | Note
-------+----------+-------------------------------------------
     0 | D:1      | GordonOverkill the Deep Elf Hunter began the quest for the
                  | Orb.
     0 | D:1      | Reached XP level 1. HP: 12/12 MP: 3/3
   275 | D:1      | Reached XP level 2. HP: 17/17 MP: 4/4
   490 | D:1      | Found a faded altar of an unknown god.
   631 | D:1      | Reached skill level 6 in Bows
  1471 | D:2      | Reached XP level 3. HP: 21/21 MP: 5/5
  2234 | D:3      | HP: 1/21 [ball python (2)]
  2234 | D:3      | Constricted to death by a ball python

Illustrated notes

Levels and vault maps discovered:
D:1:      ebering_trefoil_3fold, layout_basic, serial_bayou,
          serial_bayou_lake_a, serial_bayou_pond_c, serial_bayou_pond_c,
          serial_bayou_lagoon_b, ebering_ecumenical_altar_petrified, st_stairs_7
D:2:      layout_loops_ring
D:3:      gammafunk_wand_slinger, layout_loops_ring

Skill      XL: |  1  2 |
---------------+-------+-----
Bows           | 6 |  6.5
Fighting       | 2 |  2.1
Dodging        | |  2.4
Stealth        | |  1.2

Action                   || total
-------------------------++-------
Melee: Short sword       ||    94
       Punch             ||     1
 Fire: Shortbow          ||    32
 Stab: Sleeping          ||     4
Armor: Leather armour    ||    14
       Ring mail         ||    17
Dodge: Dodged            ||    61

Table legend: (Time is in decaauts)
 A = Elapsed time spent in this place.
 B = Non-inter-level travel time spent in this place.
 C = Inter-level travel time spent in this place.
 D = Time resting spent in this place.
 E = Time spent auto-exploring this place.
 F = Levels seen in this place.
 G = Mean time per level.
                   A        B        C        D        E       F      G
               +--------+--------+--------+--------+--------+-----+--------+
         Total |   2293 |   2254 |     39 |    367 |   1455 |   3 |  764.3 |
       Dungeon |   2293 |   2254 |     39 |    367 |   1455 |   3 |  764.3 |
               +--------+--------+--------+--------+--------+-----+--------+

Top non-repeatable levels by time:
     D:1: 1457 daAuts
     D:2: 736 daAuts
     D:3: 99 daAuts
